 Dungeon Crawl Stone Soup version 0.29-a0-362-g5854e031c7 (webtiles) character file.

Game seed: 15586491119647905027

24577 sammy202020 the Fighter (level 12, -1/172 HPs)
             Began as a Minotaur Fighter on Apr 30, 2022.
             Was a High Priest of Okawaru.
             Killed by divine providence
             ... invoked by an orc priest
              (16 damage)
             ... on level 12 of the Dungeon.
             The game lasted 00:28:52 (15228 turns).

sammy202020 the Fighter (Minotaur Fighter)         Turns: 15228, Time: 00:28:52

Health: -1/172     AC: 25    Str: 21    XL:     12   Next: 81%
Magic:  9/15       EV: 25    Int:  9    God:    Okawaru [*****.]
Gold:   891        SH: 13    Dex: 11    Spells: 11/11 levels left

rFire   . . .      SeeInvis .   O - +3 war axe
rCold   . . .      Faith    .   S - +0 kite shield
rNeg    . . .      Spirit   .   L - +0 plate armour
rPois   .          Reflect  .   (helmet unavailable)
rElec   .          Harm     .   G - +1 cloak
rCorr   .          Rampage  .   P - +0 pair of gloves
Will    .....                   (no boots)
Stlth   ..........              s - amulet of the acrobat
HPRegen 0.38/turn               g - +4 ring of slaying
MPRegen 0.14/turn               l - +4 ring of protection

@: berserking (expiring), lethally poisoned (-1 -> -5), heroic, acrobatic, very
quick
A: horns 3, retaliatory headbutt, talons 1
a: Renounce Religion, Heroism, Finesse, Duel


You were on level 12 of the Dungeon.
You worshipped Okawaru.
Okawaru was extremely pleased with you.
You visited 2 branches of the dungeon, and saw 13 of its levels.
You also visited: Sewer and Bailey.

You collected 891 gold pieces.

Inventory:

Hand Weapons
 a - a +1 vorpal war axe
 c - a +2 shortbow of flaming
 K - a +4 scimitar of flaming
 O - a +3 war axe (weapon)
 T - a +0 broad axe of distortion
Missiles
 f - 3 boomerangs
 q - 2 silver boomerangs
 x - 51 poisoned darts
 H - 26 javelins (quivered)
 N - a curare-tipped dart
 U - a throwing net
Armour
 b - a +0 scale mail
 u - a +2 pair of boots
 G - a +1 cloak (worn)
 L - a +0 plate armour (worn)
 P - a +0 pair of gloves (worn)
 S - a +0 kite shield (worn)
Jewellery
 g - a +4 ring of slaying (left hand)
 l - a +4 ring of protection (right hand)
 r - a +4 ring of protection
 s - an amulet of the acrobat (around neck)
Wands
 p - a wand of digging (5)
 t - a wand of iceblast (27)
 w - a wand of flame (43)
 y - a wand of polymorph (12)
 R - a wand of acid (3)
Scrolls
 e - 3 scrolls of enchant weapon
 h - 2 scrolls of magic mapping
 z - 7 scrolls of identify
 B - 2 scrolls of fog
 C - a scroll of fear
 F - a scroll of amnesia
Potions
 d - a potion of might
 i - 10 potions of curing
 j - a potion of ambrosia
 k - 2 potions of mutation
 m - a potion of flight
 n - 4 potions of haste
 o - a potion of heal wounds
 A - 2 potions of cancellation
 D - 2 potions of lignification
 E - a potion of brilliance
 I - a potion of resistance
 Q - a potion of invisibility
Miscellaneous
 J - a box of beasts
 M - a phial of floods


   Skills:
 * Level 13.6(18.6) Fighting
 * Level 13.5(18.5) Axes
 + Level 10.8(15.8) Armour
 + Level 8.5(13.5) Dodging
 + Level 10.6(15.6) Shields
 + Level 5.6 Invocations


You had 11 spell levels left.
You didn't know any spells.
Your spell library contained the following spells:

 Spells                   Type           Power      Damage    Failure   Level
 Shock                    Conj/Air       0%         1d3       100%        1
 Gell's Gravitas          Tloc           0%         N/A       100%        3
 Ignite Poison            Fire/Tmut/Pois 0%         N/A       100%        3
 Lesser Beckoning         Tloc           0%         N/A       100%        3
 Swiftness                Air            0%         N/A       100%        3
 Teleport Other           Tloc           0%         N/A       100%        3
 Airstrike                Air            0%         N/A       100%        4
 Passage of Golubria      Tloc           0%         N/A       100%        4
 Yara's Violent Unravell  Hex/Tmut       0%         3d3       100%        5
 Eringya's Noxious Bog    Tmut/Pois      0%         N/A       100%        6
 Tukima's Dance           Hex            Unusable   N/A       N/A         3
 Monstrous Menagerie      Summ           Unusable   N/A       N/A         7

Dungeon Overview and Level Annotations

Branches:
Dungeon (12/15)            Temple (1/1) D:5            Lair (0/6) D:10
    Orc (0/2) D:10          Sewer (visited)          Bailey (visited)

Altars:
Ashenzari
Cheibriados
Dithmenos
Elyvilon
Fedhas
Gozag
Hepliaklqana
Kikubaaqudgha
Makhleb
Nemelex Xobeh
Okawaru
Qazlal
Ru
Sif Muna
Trog
Uskayaw
Vehumet
Wu Jian
Xom
Yredelemnul
Zin
The Shining One
Lugonu


Innate Abilities, Weirdness & Mutations

You have a pair of large horns on your head.
You reflexively headbutt those who attack you in melee.
You have sharp toenails.


Message History

You feel sick.
You closely miss the orc warrior.
The orc warrior is heavily wounded.
You slash the orc warrior!
You feel sick. You block the orc warrior's attack. x2
The orc warrior hits you with a +0 hand axe.
* * * LOW HITPOINT WARNING * * *
You barely miss the orc warrior. You claw the orc warrior!
You kill the orc warrior!
Okawaru accepts your kill.
You slice the orc!!
You kill the orc!
You slash the orc warrior!
You kill the orc warrior!
Okawaru accepts your kill.
You feel sick.
You feel sick.
The boulder beetle leaps!
The orc priest invokes the aid of Beogh against you.
Beogh smites you!
* * * LOW HITPOINT WARNING * * *
You block the orc's attack. The orc completely misses you.
You block the orc's attack. You block the orc warrior's attack.
Items here: $ ( ))) [[[ †.
You slice the orc!!
You kill the orc!
You slash the orc!
You kill the orc!
Okawaru accepts your kill.
You slice the orc!!
You kill the orc!
Okawaru accepts your kill.
You hit the orc. You slash the orc!
You kill the orc!
Okawaru accepts your kill.
You feel sick.
You feel sick.
The orc warrior no longer looks unusually strong.
The orc no longer looks unusually strong.
The orc priest invokes the aid of Beogh against you.
Beogh smites you!
You die...

#.##...###.....)##.......#.######
.#.....#...........#######.#
.......#.#......#### #.#
>......#.#...<..# #.#
.........###.#### #.# ......)###
#...### #.# .......# ###...# #.#
.####### ###.# ..### ######@###
....# #..oo))o.# #.#.+ #...oooo.#
#.#.# #..°o.ooo# #.#.# #.$......#
..#.# +...$.B?.# ###.# #........#
#.# ....# ##+####### #.# ##'##
#.# #.#


You could see a boulder beetle, an orc warrior, an orc priest (strong) and 9
orcs.

Vanquished Creatures
  Erolcha (D:12)
  A boulder beetle (D:12)
  A hydra (D:11)
  Erica (D:9)
  A two-headed ogre (D:12)
  The ghost of Shayle the Covert, a novice TeBr of Ashenzari (D:9)
  An orc knight (D:12)
  A gargoyle (D:12)
  3 kobold demonologists (D:10)
  An efreet (D:12)
  The ghost of RandomusNamus the Slasher, an amateur MiCA of Ignis (D:4)
  2 hornets
  4 trolls
  A shadow (D:6)
  The ghost of OTABOTABOTAB the Conjurer, an amateur DECj (D:4)
  Eustachio (D:6)
  Sigmund (D:3)
  A wraith (D:12)
  2 wyverns (D:10)
  14 yaks
  A basilisk (D:10)
  3 steam dragons
  Menkaure (D:6)
  3 vampire mosquitoes (D:10)
  6 water moccasins
  Duvessa (D:6)
  Pargi (Sewer)
  27 orc warriors
  An ice beast (D:8)
  2 sky beasts (D:6)
  4 black bears
  An ogre (D:4)
  13 centaurs
  3 wolves (D:10)
  A phantom (D:5)
  6 kobold brigands
  A gnoll sergeant (D:12)
  A bullfrog (D:6)
  A scorpion (D:10)
  3 necrophages
  4 wights (D:10)
  Dowan (D:6)
  13 killer bees
  5 howler monkeys
  A centaur zombie (D:9)
  Crazy Yiuf (D:2)
  2 hounds (D:5)
  6 orc priests
  A gnoll shaman (D:5)
  Terence (D:2)
  6 iguanas
  15 orc wizards
  Natasha (twice) (D:2)
  A howler monkey zombie (D:9)
  11 gnolls
  6 adders
  2 ufetubi (D:6)
  5 worms
  A dart slug (D:1)
  69 orcs
  4 ball pythons
  10 bats
  5 bat zombies (D:9)
  4 endoplasms
  5 giant cockroaches
  3 goblins
  5 hobgoblins
  27 kobolds
  2 quokkas
  3 frilled lizards (D:3)
  5 rats
346 creatures vanquished.

Vanquished Creatures (others)
  11 demonic plants (D:10)
  2 fungi (D:10)
  25 plants
38 creatures vanquished.

Grand Total: 384 creatures vanquished

Notes
Turn   | Place    | Note
-------+----------+-------------------------------------------
     0 | D:1      | sammy202020 the Minotaur Fighter began the quest for the
                  | Orb.
     0 | D:1      | Reached XP level 1. HP: 19/19 MP: 0/0
   285 | D:1      | Reached XP level 2. HP: 27/27 MP: 1/1
   300 | D:1      | Found a faded altar of an unknown god.
   860 | D:2      | Noticed Terence
   864 | D:2      | Killed Terence
   865 | D:2      | Reached skill level 1 in Dodging
   865 | D:2      | Reached XP level 3. HP: 30/33 MP: 2/2
  1052 | D:2      | Noticed Natasha
  1057 | D:2      | Killed Natasha
  1058 | D:2      | Reached XP level 4. HP: 34/41 MP: 3/3
  1268 | D:2      | Found a runed translucent door.
  1269 | D:2      | Noticed Crazy Yiuf
  1732 | D:2      | Noticed Natasha
  1735 | D:2      | Killed Natasha
  1898 | D:2      | Killed Crazy Yiuf
  1899 | D:2      | Reached XP level 5. HP: 4/47 MP: 4/4
  2736 | D:3      | Noticed Sigmund
  2742 | D:3      | Killed Sigmund
  2743 | D:3      | Reached skill level 5 in Fighting
  2743 | D:3      | Reached XP level 6. HP: 51/56 MP: 5/5
  2958 | D:3      | Found a glowing drain.
  2972 | Sewer    | Entered a sewer
  3008 | Sewer    | Noticed Pargi
  3016 | Sewer    | Killed Pargi
  3017 | Sewer    | Reached skill level 5 in Axes
  3614 | D:3      | Got the Reference Book on Nocuous Companions
  3773 | D:4      | Reached XP level 7. HP: 42/62 MP: 6/6
  3828 | D:4      | Reached skill level 5 in Armour
  4026 | D:4      | Found a radiant altar of Vehumet.
  4031 | D:4      | Reached skill level 5 in Shields
  4472 | D:4      | Found a runed translucent gate.
  4504 | D:4      | Found a runed translucent gate.
  4504 | D:4      | Found a runed translucent gate.
  4504 | D:4      | Noticed RandomusNamus's ghost (amateur MiCA)
  4504 | D:4      | Noticed OTABOTABOTAB's ghost (amateur DECj)
  4768 | D:4      | Killed RandomusNamus's ghost
  4773 | D:4      | Killed OTABOTABOTAB's ghost
  4774 | D:4      | Reached XP level 8. HP: 50/71 MP: 7/7
  4918 | D:5      | Entered Level 5 of the Dungeon
  5277 | D:5      | Found an opulent altar of Gozag.
  5454 | D:5      | Found a staircase to the Ecumenical Temple.
  5472 | Temple   | Entered the Ecumenical Temple
  5575 | Temple   | Became a worshipper of Warmaster Okawaru
  5874 | D:5      | Found a bloodstained altar of Trog.
  6208 | D:6      | Noticed Eustachio
  6226 | D:6      | Killed Eustachio
  6276 | D:6      | Reached skill level 1 in Invocations
  6276 | D:6      | Reached XP level 9. HP: 78/81 MP: 8/8
  6363 | D:6      | Noticed Menkaure
  6368 | D:6      | Killed Menkaure
  6619 | D:6      | Noticed Duvessa
  6619 | D:6      | Noticed Dowan
  6622 | D:6      | Killed Dowan
  6630 | D:6      | Killed Duvessa
  6630 | D:6      | Reached * piety under Okawaru
  6775 | D:6      | Found a stormy altar of Qazlal.
  6802 | D:6      | Found a shimmering altar of Xom.
  7018 | D:6      | Reached skill level 5 in Dodging
  7334 | D:6      | Found a white marble altar of Elyvilon.
  8096 | D:7      | Reached ** piety under Okawaru
  8136 | D:7      | You fall into a shaft and drop 1 floor!
  8178 | D:8      | Found a flagged portal.
  8191 | Bailey   | Entered a bailey
  8432 | Bailey   | Reached XP level 10. HP: 89/92 MP: 11/11
  9135 | Bailey   | Reached skill level 10 in Fighting
  9441 | Bailey   | Reached *** piety under Okawaru
  9600 | Bailey   | Reached skill level 10 in Axes
  9887 | Bailey   | Reached XP level 11. HP: 102/102 MP: 12/12
  9900 | Bailey   | Gained mutation: You have a pair of large horns on your
                  | head. [potion of mutation]
  9900 | Bailey   | Gained mutation: You have sharp toenails. [potion of
                  | mutation]
 10082 | D:8      | Found the +4 dagger "Morg" {pain, Will+ Int+5}
 11289 | D:9      | Noticed Erica
 11299 | D:9      | Killed Erica
 11299 | D:9      | Reached **** piety under Okawaru
 11327 | D:9      | Found a shimmering blue altar of Sif Muna.
 11572 | D:9      | Found a runed translucent gate.
 11572 | D:9      | Found a runed translucent gate.
 11572 | D:9      | Found a runed translucent gate.
 11572 | D:9      | Noticed Shayle's ghost (novice TeBr)
 11574 | D:9      | Found a basalt altar of Yredelemnul.
 11582 | D:9      | Reached ***** piety under Okawaru
 11592 | D:9      | Killed Shayle's ghost
 11754 | D:9      | Reached skill level 10 in Armour
 12004 | D:9      | Found an ancient bone altar of Kikubaaqudgha.
 12214 | D:10     | Entered Level 10 of the Dungeon
 12220 | D:10     | Found a staircase to the Orcish Mines.
 12235 | D:10     | Reached XP level 12. HP: 86/113 MP: 14/14
 12241 | D:10     | Paralysed by a hornet for 3 turns
 12246 | D:10     | Paralysed by a hornet for 1 turns
 12249 | D:10     | HP: 1/113 [hornet (11)]
 12265 | D:10     | Reached skill level 10 in Shields
 13106 | D:10     | Found a sacrificial altar of Ru.
 13146 | D:10     | Found a staircase to the Lair.
 13186 | D:10     | Found a corrupted altar of Lugonu.
 13337 | D:10     | Reached skill level 5 in Invocations
 13507 | D:11     | Noticed an eight-headed hydra
 13516 | D:11     | Killed a three-headed hydra
 14092 | D:11     | Identified the +3 chain mail of Opruciuh {Rampage Str-2
                  | Int+7}
 14571 | D:12     | Noticed Erolcha
 14575 | D:12     | Killed Erolcha
 14727 | D:12     | Noticed a boulder beetle
 14739 | D:12     | Killed a boulder beetle
 14860 | D:12     | Noticed a two-headed ogre
 14865 | D:12     | Killed a two-headed ogre
 14865 | D:12     | Received a gift from Okawaru
 15205 | D:12     | Noticed a boulder beetle
 15228 | D:12     | Killed from afar by an orc priest

Illustrated notes

Levels and vault maps discovered:
D:1:      minmay_arrival_radiant_lines, layout_basic,
          shapermc_ecumenical_altar_mp_highgroup
D:2:      layout_basic, uniq_crazy_yiuf_cottage, uniq_terence, uniq_natasha
D:3:      layout_rooms, cheibrodos_sewer_entry_bend, minmay_starry_boxes,
          uniq_sigmund
D:4:      layout_loops_ring, vehumet_altar_wand_db, serial_bayou,
          serial_bayou_pond_a, serial_bayou_lagoon_b, serial_bayou_shore_b,
          serial_bayou_pond_d, gammafunk_ghost_cemetery
D:5:      layout_loops_ring, mainiacjoe_overflow_chevrons,
          mainiacjoe_overflow_alcove_2, minmay_temple_entry_junction,
          serial_rivers, chequers_serial_rivers_small_3,
          chequers_serial_rivers_small_a, chequers_serial_rivers_room_b,
          chequers_serial_rivers_micro_d, chequers_serial_rivers_large_b,
          chequers_serial_rivers_room_a, kennysheep_small_spiral
D:6:      minmay_angry_zag, layout_loops_corners, elyvilon_altar_3,
          mainiacjoe_overflow_two_lobes, dk_noncrumbling_2, uniq_duvessa,
          uniq_menkaure, uniq_eustachio
D:7:      layout_basic
D:8:      layout_basic, enter_bailey_2
D:9:      layout_big_octagon, kennysheep_orc_sif_temple,
          nicolae_yredelemnul_ghost_church, lemuel_zombie_altar_kikubaaqudgha,
          uniq_erica
D:10:     kennysheep_kobold_lugonu_temple, layout_rooms, kennysheep_mini_moat,
          minmay_lair_entry_grove, david_orc_2
D:11:     layout_loops_corners
D:12:     layout_roguey [special_room_orc], drop_trap, grunt_decor_mini_mirrors,
          uniq_erolcha
Temple:   nicolae_temple_hex_pool

Skill      XL: |  1  2  3  4  5  6  7  8  9 10 11 12 |
---------------+-------------------------------------+-----
Fighting       | 4 5 6 8 9 11 12 13 | 13.6
Axes           | 3 4 5 6 8 9 11 12 13 | 13.5
Dodging        | 1 2 3 4 5 6 7 8 |  8.5
Armour         | 4 5 6 7 9 10 | 10.8
Shields        | 4 5 6 7 9 10 | 10.6
Invocations    | 1 2 3 4 5 |  5.6

Action                   |  1- 3 |  4- 6 |  7- 9 | 10-12 || total
-------------------------+-------+-------+-------+-------++-------
Melee: War axe           |    36 |    70 |   269 |   353 ||   728
       Headbutt          |     1 |    12 |    52 |    80 ||   145
       Kick              |       |       |       |   107 ||   107
       Scimitar          |       |       |       |     5 ||     5
Throw: Dart              |       |       |    14 |    38 ||    52
       Boomerang         |       |       |     7 |    91 ||    98
       Javelin           |       |       |       |     5 ||     5
Invok: Heroism           |       |       |       |     4 ||     4
       Finesse           |       |       |       |     2 ||     2
  Use: Potion            |       |     2 |     3 |     7 ||    12
       Scroll            |       |     8 |     5 |     9 ||    22
Armor: Scale mail        |    12 |    46 |   114 |    94 ||   266
       Plate armour      |       |       |       |   122 ||   122
Dodge: Dodged            |    11 |    42 |   199 |   306 ||   558
Block: Buckler           |     8 |    17 |    84 |   137 ||   246
       Kite shield       |       |       |       |    21 ||    21

Table legend: (Time is in decaauts)
 A = Elapsed time spent in this place.
 B = Non-inter-level travel time spent in this place.
 C = Inter-level travel time spent in this place.
 D = Time resting spent in this place.
 E = Time spent auto-exploring this place.
 F = Levels seen in this place.
 G = Mean time per level.
                   A        B        C        D        E       F      G
               +--------+--------+--------+--------+--------+-----+--------+
         Total |  15418 |  15295 |    123 |   2133 |  10369 |  15 | 1027.9 |
       Dungeon |  13123 |  13038 |     85 |   1376 |   9752 |  12 | 1093.6 |
        Temple |    143 |    105 |     38 |      0 |     82 |   1 |  143.0 |
         Sewer |    347 |    347 |      0 |    221 |      0 |   1 |  347.0 |
        Bailey |   1805 |   1805 |      0 |    536 |    535 |   1 | 1805.0 |
               +--------+--------+--------+--------+--------+-----+--------+

Top non-repeatable levels by time:
     D:2: 1984 daAuts
  Bailey: 1805 daAuts
    D:11: 1551 daAuts
     D:6: 1456 daAuts
     D:8: 1228 daAuts
     D:4: 1208 daAuts
     D:9: 1091 daAuts
     D:5: 1036 daAuts
    D:12: 803 daAuts
     D:1: 740 daAuts
     D:3: 733 daAuts
    D:10: 646 daAuts
     D:7: 641 daAuts
   Sewer: 347 daAuts
  Temple: 143 daAuts
